 Dungeon Crawl Stone Soup version 0.30-a0-1-g69b7b797bf (webtiles) character file.

Game seed: 9532901553142625453

32 BritishOli the Trooper (level 3, 0/29 HPs)
             Began as a Demonspawn Fighter on Aug 19, 2022.
             Slain by a kobold
             ... wielding a +0 dagger
              (3 damage)
             ... on level 2 of the Dungeon.
             The game lasted 00:01:03 (781 turns).

BritishOli the Trooper (Demonspawn Fighter)          Turns: 781, Time: 00:01:04

Health: 0/29       AC:  6    Str: 18    XL:     3   Next: 8%
Magic:  3/3        EV:  9    Int:  9    God:
Gold:   51         SH:  4    Dex: 12    Spells: 2/2 levels left

rFire   . . .      SeeInvis .    a - +0 long sword
rCold   . . .      Faith    .    c - +0 buckler
rNeg    . . .      Spirit   .    b - +0 scale mail
rPois   .          Reflect  .    (no helmet)
rElec   .          Harm     .    (no cloak)
rCorr   .          Rampage  .    (no gloves)
Will    .....                    (no boots)
Stlth   ..........               (no amulet)
HPRegen 0.09/turn                e - ring of flight
MPRegen 0.08/turn                (no ring)

@: flying
A: demonic touch 1
a: no special abilities


You were on level 2 of the Dungeon.
You visited 1 branch of the dungeon, and saw 2 of its levels.

You collected 51 gold pieces.

Inventory:

Hand Weapons
 a - a +0 long sword (weapon)
Armour
 b - a +0 scale mail (worn)
 c - a +0 buckler (worn)
Jewellery
 e - a ring of flight (left hand)
 g - a ring of willpower
Scrolls
 f - a scroll of poison {unknown}
Potions
 d - 2 potions of might


   Skills:
 + Level 3.3 Fighting
 + Level 2.2 Long Blades
 + Level 3.0 Armour
 + Level 3.0 Shields


You had 2 spell levels left.
You didn't know any spells.
Your spell library contained the following spells:

 Spells                   Type           Power      Damage    Failure   Level
 Apportation              Tloc           0%         N/A       86%         1
 Necrotise                Necr           0%         1d4       86%         1
 Summon Small Mammal      Summ           0%         N/A       86%         1


Dungeon Overview and Level Annotations

Branches:
Dungeon (2/15)

Altars:

Shops:
D:1 :   D:2 =


Innate Abilities, Weirdness & Mutations

Your touch may inflict minor irresistible damage on your foes.


Message History

No target in view!
There is a stone staircase leading up here.
You now have 51 gold pieces (gained 12).
d - 2 potions of might (gained 1)
You see here a +0 robe.
Key pressed, stopping explore.
No target in view!
You reach down and open the gate. 4 kobolds come into view.
The kobold shouts!
A kobold comes into view. It is wielding a +0 dagger.
The kobold throws a stone.
The stone hits you but does no damage.
The kobold throws a stone.
The stone hits you.
Found 17 gold pieces. 2 kobolds come into view.
Found 6 stones.
The kobold shouts!
The kobold throws a stone.
The stone hits you.
There is an open gate here.
The kobold throws a stone.
The stone hits you but does no damage.
The kobold throws a stone.
The stone misses you. The kobold hits you but does no damage.
The kobold hits you but does no damage. The kobold hits you with a +0 whip.
The kobold hits you with a +0 dagger.
The kobold hits you with a +0 whip. x2; The kobold hits you but does no damage. x2
The kobold hits you with a +0 whip. The kobold completely misses you.
You block the kobold's attack. The kobold barely misses you.
The kobold hits you with a +0 dagger. The kobold hits you with a +0 whip.
* * * LOW HITPOINT WARNING * * *
The kobold hits you but does no damage. The kobold hits you with a +0 dagger.
* * * LOW HITPOINT WARNING * * *
The kobold hits you but does no damage. x2; The kobold closely misses you.
The kobold completely misses you. The kobold closely misses you.
The kobold hits you with a +0 dagger.
* * * LOW HITPOINT WARNING * * *
You block the kobold's attack. The kobold completely misses you.
The kobold hits you with a +0 dagger.
You die...

######
###....############
#.................#
##'''###..........#
##..K####....[....#
#.K@K.# #.........#
#..KKK..##.........##
#...K..(########..<..
#.......# ..#####..##
#.......# #.........#
####....# #######....
+....# #.......##.
###### ######..##.
#......


You could see 7 kobolds.

Vanquished Creatures
  An adder (D:2)
  A dart slug (D:1)
  2 endoplasms
  A goblin (D:2)
  4 hobgoblins
  2 ball pythons (D:1)
  4 bats
  2 kobolds (D:1)
  4 rats
21 creatures vanquished.

Vanquished Creatures (others)
  8 toadstools (D:2)
8 creatures vanquished.

Grand Total: 29 creatures vanquished

Notes
Turn   | Place    | Note
-------+----------+-------------------------------------------
     0 | D:1      | BritishOli the Demonspawn Fighter began the quest for the
                  | Orb.
     0 | D:1      | Reached XP level 1. HP: 18/18 MP: 1/1
   110 | D:1      | Gained mutation: Your touch may inflict minor irresistible
                  | damage on your foes. [demonic ancestry]
   110 | D:1      | Reached XP level 2. HP: 19/24 MP: 2/2
   201 | D:1      | Found Zaskav's Book Boutique.
   472 | D:2      | Found Bufich's Jewellery Emporium.
   550 | D:2      | Reached XP level 3. HP: 16/29 MP: 3/3
   781 | D:2      | Slain by a kobold

Illustrated notes

Levels and vault maps discovered:
D:1:      sevenhm_arrival_forest_fort_small_3, layout_loops_ring, serial_shops,
          nicolae_shop_crystal
D:2:      cheibrodos_fertilizer, layout_rooms, serial_shops,
          nicolae_shop_crystal, minmay_tromino_i2, uniq_crazy_yiuf_cottage

Skill      XL: |  1  2 |
---------------+-------+-----
Long Blades    | 2 |  2.2
Armour         | 3 |  3.0
Shields        | 3 |  3.0
Fighting       | |  3.3

Action                   || total
-------------------------++-------
Melee: Long sword        ||    55
Armor: Scale mail        ||    58
Dodge: Dodged            ||    53
Block: Buckler           ||    19

Table legend: (Time is in decaauts)
 A = Elapsed time spent in this place.
 B = Non-inter-level travel time spent in this place.
 C = Inter-level travel time spent in this place.
 D = Time resting spent in this place.
 E = Time spent auto-exploring this place.
 F = Levels seen in this place.
 G = Mean time per level.
                   A        B        C        D        E       F      G
               +--------+--------+--------+--------+--------+-----+--------+
         Total |    799 |    799 |      0 |      0 |    613 |   2 |  399.5 |
       Dungeon |    799 |    799 |      0 |      0 |    613 |   2 |  399.5 |
               +--------+--------+--------+--------+--------+-----+--------+

Top non-repeatable levels by time:
     D:1: 442 daAuts
     D:2: 356 daAuts
